 Dungeon Crawl Stone Soup version 0.27.0-1-g7a089689b8 (webtiles) character file.

Game seed: 3413740033021977451

109 ParallaxScroll the Magician (level 5, -3/35 HPs)
             Began as a Djinni Fire Elementalist on Aug 2, 2021.
             Was a Follower of Uskayaw.
             Engulfed by a cloud of flame (8 damage)
             ... on level 2 of the Dungeon.
             The game lasted 00:15:02 (2989 turns).

ParallaxScroll the Magician (DjFE)                  Turns: 2989, Time: 00:15:02

Health: -3/35      AC:  6    Str:  7    XL:     5   Next: 13%
Gold:   99         EV: 16    Int: 17    God:    Uskayaw [*.....] SH:  0 Dex: 14

rFire    + + .     SeeInvis .   a - +1 dagger (venom)
rCold    x . .     Faith    .   (no shield)
rNeg     . . .     Spirit   .   c - +0 robe
rPois    ∞         Reflect  .   (no helmet)
rElec    .         Harm     .   (no cloak)
rCorr    .         Rampage  .   (no gloves)
Will     .....                  (boots unavailable)
Stlth    ++........             (no amulet)
HPRegen  0.11/turn              g - +4 ring of evasion
MPRegen  0.00/turn              i - +4 ring of protection

@: flying
A: sickness immunity, fire resistance 2, cold vulnerability 1, float, innate
caster, hp casting, extra vitality 1
a: Renounce Religion, Stomp


You were on level 2 of the Dungeon.
You worshipped Uskayaw.
Uskayaw was noncommittal.
You visited 1 branch of the dungeon, and saw 3 of its levels.

You collected 99 gold pieces.

Inventory:

Hand Weapons
 a - a +1 dagger of venom (weapon)
 e - a +0 dagger
 h - a +0 hand axe
 p - a +0 long sword
Missiles
 b - 43 arrows
 d - 132 stones
 o - 11 sling bullets
Armour
 c - a +0 robe (worn)
Jewellery
 g - a +4 ring of evasion (left hand)
 i - a +4 ring of protection (right hand)
Scrolls
 f - a scroll of magic mapping {unknown}
 j - a scroll of identify {unknown}
 m - a scroll of vulnerability {unknown}
Potions
 k - a potion of curing {unknown}
 l - 2 potions of resistance {unknown}
 n - a potion of heal wounds {unknown}
 q - 2 potions of lignification {unknown}


   Skills:
 - Level 2.1 Dodging
 - Level 3.0 Stealth
 + Level 3.6 Spellcasting


You couldn't memorise any spells.
You knew the following spells:

 Your Spells              Type           Power      Damage    Failure   Level
a - Foxfire               Conj/Fire      60%        2x1d7     3%          1
b - Conjure Flame         Conj/Fire      15%        6-21      11%         3
c - Inner Flame           Hex/Fire       15%        N/A       11%         3
d - Sticky Flame          Conj/Fire      15%        2d4       36%         4
e - Fireball              Conj/Fire      7%         3d5       71%         5
f - Searing Ray           Conj           30%        3d4       5%          2
g - Corona                Hex            16%        N/A       3%          1
Your spell library was empty.

Dungeon Overview and Level Annotations

Branches:
Dungeon (3/15)

Altars:
Dithmenos
Uskayaw


Innate Abilities, Weirdness & Mutations

You are immune to sickness and miasma.
You are immune to poison.
Your flesh is very heat resistant. (rF++)
You are vulnerable to cold. (rC-)
You float through the air rather than walking.
You learn spells naturally, not from books.
Your magical power is your life essence.
You have superior vitality. (+4 HP)


Message History

Nothing appears to happen.
The goblin barely misses you.
Casting: Inner Flame (quite dangerous; 11% risk of failure)
Confirm with . or Enter, or press ? or * to list all spells.
Aiming: Inner Flame (quite dangerous; 11% risk of failure)
Press: ? - help, Shift-Dir - straight line, f/p - goblin
Aim: a goblin, wielding a +0 whip (chance to affect: 83%)
You miscast Inner Flame.
Nothing appears to happen.
The goblin shouts!
The goblin misses you.
Casting: Inner Flame (quite dangerous; 11% risk of failure)
Confirm with . or Enter, or press ? or * to list all spells.
Aiming: Inner Flame (quite dangerous; 11% risk of failure)
Press: ? - help, Shift-Dir - straight line, f/p - goblin
Aim: a goblin, wielding a +0 whip (chance to affect: 83%)
The goblin is filled with an inner flame.
The goblin closely misses you. The goblin hits you with a +0 club.
You barely miss the goblin. The goblin misses you.
You barely miss the goblin. The goblin misses you.
You barely miss the goblin. The goblin hits you with a +0 whip.
You closely miss the goblin. The goblin hits you with a +0 whip.
* * * LOW HITPOINT WARNING * * *
Your magical contamination has completely faded away.
The goblin shoots a stone.
The stone closely misses you.
There is a stone staircase leading up here.
The goblin hits you but does no damage.
You fly upwards.
There is a stone staircase leading down here.
Casting: Inner Flame (quite dangerous; 11% risk of failure)
Confirm with . or Enter, or press ? or * to list all spells.
Aiming: Searing Ray (safe; 5% risk of failure)
Press: ? - help, Shift-Dir - straight line, f - goblin
Aim: a goblin, wielding a +0 whip (inner flame, 70% to hit)
The searing ray hits the goblin! (Press . to maintain the ray.)
* * * LOW HITPOINT WARNING * * *
The goblin explodes!
The fiery explosion engulfs you. You resist.
* * * LOW HITPOINT WARNING * * *
You are engulfed in blazing flames.
You resist.
You die...

########## #........#
#...§§...#
#...§§§..##############
#...§§@................
#........###........#..
#..........'...........
#.........##........#..
#.........##........#..
###...###...........#..
#...# #.##........#..
#...# #.#######..##..
###...###.....)........


There were no monsters in sight!

Vanquished Creatures
  Robin (D:3)
  3 adders
  2 dart slugs (D:2)
  5 orcs
  5 endoplasms
  3 giant cockroaches
  4 goblins
  8 hobgoblins
  7 jackals
  4 quokkas
  3 bats
  2 frilled lizards
  6 kobolds
  6 rats
59 creatures vanquished.

Vanquished Creatures (others)
  136 foxfires
  5 fungi (D:2)
  5 plants (D:2)
146 creatures vanquished.

Grand Total: 205 creatures vanquished

Notes
Turn   | Place    | Note
-------+----------+-------------------------------------------
     0 | D:1      | ParallaxScroll the Djinni Fire Elementalist began the quest
                  | for the Orb.
     0 | D:1      | Reached XP level 1. HP: 15/15 MP: 0/0
   151 | D:1      | Reached XP level 2. HP: 18/21 MP: 0/0
   896 | D:1      | Reached XP level 3. HP: 22/25 MP: 0/0
   896 | D:1      | Learned a level 1 spell: Corona
  1344 | D:2      | Found a shadowy altar of Dithmenos.
  1457 | D:2      | Found a faded altar of an unknown god.
  1461 | D:2      | Became a worshipper of Uskayaw the Reveller
  1461 | D:2      | Reached * piety under Uskayaw
  1559 | D:2      | Reached XP level 4. HP: 29/31 MP: 0/0
  1562 | D:2      | Reached ** piety under Uskayaw
  2645 | D:3      | Reached XP level 5. HP: 34/35 MP: 0/0
  2645 | D:3      | Learned a level 2 spell: Searing Ray
  2671 | D:3      | Noticed Robin
  2962 | D:3      | Killed Robin
  2989 | D:2      | Engulfed by a cloud of flame

Illustrated notes

Levels and vault maps discovered:
D:1:      dpeg_arrival_prison, layout_basic, minmay_misc_feat_chi, minivault_14
D:2:      layout_basic, dreamdust_ecumenical_altar_grove, basic_altar,
          st_stairs_8, minmay_hexomino_p4
D:3:      minmay_inner_zag, layout_rooms, minmay_pentomino_pile, uniq_robin,
          uniq_sigmund

Skill      XL: |  1  2  3  4 |
---------------+-------------+-----
Stealth        | 2 3 |  3.0
Spellcasting   | 3 |  3.6
Dodging        | |  2.1

Action                   |  1- 3 |  4- 6 || total
-------------------------+-------+-------++-------
Melee: Hand axe          |     1 |       ||     1
       Long sword        |    17 |    21 ||    38
       Dagger            |       |     6 ||     6
 Cast: Foxfire           |    50 |    35 ||    85
       Inner Flame       |     2 |     6 ||     8
       Searing Ray       |       |     3 ||     3
       Conjure Flame     |       |     1 ||     1
Armor: Robe              |     4 |    16 ||    20
Dodge: Dodged            |    32 |    42 ||    74
       Rpst.: Long sword |     6 |     5 ||    11
